NYP
STATE COLLEGE SPIKES @ MAHONING VALLEY SCRAPPERS
08/09/2099
 
TOP OF THE 1ST
State College Spikes batting - Pitching for Mahoning Valley Scrappers : RHP Kevin Peterson
Pitching: RHP Kevin Peterson
Batting: RHB Dave Petri 0-0: Ball
1-0: Ball
2-0: Called Strike
2-1: Ball
3-1: Ground out 6-3 (Groundball, 6, EV 86.9 MPH)
Batting: RHB Onye Gayagoy 0-0: Foul Ball, location: 7LSF
0-1: Called Strike
0-2: Strikes out looking
Batting: RHB Pat Gonzales 0-0: Ball
1-0: Ground out 6-3 (Groundball, P, EV 87.5 MPH)
Top of the 1st over - 0 runs, 0 hits, 0 errors, 0 left on base; State College 0 - Mahoning Valley 0
BOTTOM OF THE 1ST
Mahoning Valley Scrappers batting - Pitching for State College Spikes : RHP Roberto Garza
Pitching: RHP Roberto Garza
Batting: RHB George Leggett 0-0: Fly out, F9 (Flyball, 89M, EV 99.4 MPH)
Batting: LHB Juan Villegas 0-0: Swinging Strike
0-1: Swinging Strike
0-2: Strikes out swinging
Batting: LHB Mark Grahn 0-0: Ball
1-0: Ball
2-0: DOUBLE (Line Drive, 78XD, EV 110.6 MPH)
Batting: LHB Jason Nitzel 0-0: Foul Ball, location: 23F
0-1: Foul Ball, location: 5FF
0-2: Foul Ball, location: 2F
0-2: Foul Ball, location: 7LMF
0-2: Ball
1-2: Strikes out swinging
Bottom of the 1st over - 0 runs, 1 hit, 0 errors, 1 left on base; State College 0 - Mahoning Valley 0
TOP OF THE 2ND
State College Spikes batting - Pitching for Mahoning Valley Scrappers : RHP Kevin Peterson
Batting: RHB Han-seung Chung 0-0: Called Strike
0-1: Foul Ball, location: 9LSF
0-2: Foul Ball, location: 25F
0-2: Ball
1-2: Ball
2-2: Strikes out swinging
Batting: RHB Ed McManus 0-0: Ball
1-0: Foul Ball, location: 9LMF
1-1: Swinging Strike
1-2: Strikes out looking
Batting: LHB Matt Crow 0-0: Called Strike
0-1: Ball
1-1: Called Strike
1-2: Ball
2-2: Foul Ball, location: 5SF
2-2: Foul Ball, location: 7LSF
2-2: Strikes out swinging
Top of the 2nd over - 0 runs, 0 hits, 0 errors, 0 left on base; State College 0 - Mahoning Valley 0
BOTTOM OF THE 2ND
Mahoning Valley Scrappers batting - Pitching for State College Spikes : RHP Roberto Garza
Batting: RHB Adam Van Leuven 0-0: Fly out, F9 (Flyball, 9LM, EV 78.8 MPH)
Batting: RHB Danny Molina 0-0: Swinging Strike
0-1: Ball
1-1: Foul Ball, location: 5F
1-2: Ground out 5-3 (Groundball, 56, EV 101.9 MPH)
Batting: RHB Danny Wheelock 0-0: Ball
1-0: Fly out, F8 (Flyball, 8LM, EV 96.3 MPH)
Bottom of the 2nd over - 0 runs, 0 hits, 0 errors, 0 left on base; State College 0 - Mahoning Valley 0
TOP OF THE 3RD
State College Spikes batting - Pitching for Mahoning Valley Scrappers : RHP Kevin Peterson
Batting: RHB Danny Banning 0-0: Foul Ball, location: 5FF
0-1: Ball
1-1: Ball
2-1: Ball
3-1: Foul Ball, location: 25F
3-2: Foul Ball, location: 25F
3-2: Base on Balls
Batting: RHB Arturo Suarez 0-0: Ball
1-0: Bunted foul
1-1: Bunt missed!
1-2: Ball
2-2: Strikes out swinging
Batting: LHB Mike Stone 0-0: Ball
1-0: Called Strike
1-1: Ball
2-1: Swinging Strike
2-2: Strikes out swinging
Batting: RHB Dave Petri 0-0: Ball
1-0: Ball
2-0: Called Strike
2-1: Ball
3-1: Fly out, F5 (Popup, 25, EV 86.3 MPH)
Top of the 3rd over - 0 runs, 0 hits, 0 errors, 1 left on base; State College 0 - Mahoning Valley 0
BOTTOM OF THE 3RD
Mahoning Valley Scrappers batting - Pitching for State College Spikes : RHP Roberto Garza
Batting: RHB Eddie Longoria 0-0: Ball
1-0: Called Strike
1-1: Swinging Strike
1-2: Ball
2-2: Strikes out swinging
Batting: RHB Justin Honaker 0-0: Ball
1-0: Ball
2-0: Ball
3-0: Base on Balls
Batting: RHB George Leggett 0-0: Called Strike
0-1: Foul Ball, location: 9LDF
0-2: Foul Ball, location: 9LDF
0-2: Strikes out looking
Batting: LHB Juan Villegas 0-0: Called Strike
0-1: Swinging Strike
0-2: Ball
1-2: Ball
2-2: Fly out, F9 (Flyball, 89M, EV 86.9 MPH)
Bottom of the 3rd over - 0 runs, 0 hits, 0 errors, 1 left on base; State College 0 - Mahoning Valley 0
TOP OF THE 4TH
State College Spikes batting - Pitching for Mahoning Valley Scrappers : RHP Kevin Peterson
Batting: RHB Onye Gayagoy 0-0: Called Strike
0-1: Foul Ball, location: 9LDF
0-2: Strikes out looking
Batting: RHB Pat Gonzales 0-0: Ball
1-0: Called Strike
1-1: Foul Ball, location: 2F
1-2: Ball
2-2: Strikes out swinging
Batting: RHB Han-seung Chung 0-0: Called Strike
0-1: Ball
1-1: Ball
2-1: SINGLE (Groundball, 4MS, EV 70.0 MPH) (infield hit)
Batting: RHB Ed McManus 0-0: Ball
1-0: Ball
2-0: Ball
3-0: Called Strike
3-1: Fly out, F8 (Flyball, 8RD, EV 90.0 MPH)
Top of the 4th over - 0 runs, 1 hit, 0 errors, 1 left on base; State College 0 - Mahoning Valley 0
BOTTOM OF THE 4TH
Mahoning Valley Scrappers batting - Pitching for State College Spikes : RHP Roberto Garza
Batting: LHB Mark Grahn 0-0: Fly out, F9 (Flyball, 9D, EV 103.1 MPH)
Batting: LHB Jason Nitzel 0-0: Foul Ball, location: 2F
0-1: Swinging Strike
0-2: Ball
1-2: Foul Ball, location: 3F
1-2: Ground out U3 (Groundball, 3S, EV 74.4 MPH)
Batting: RHB Adam Van Leuven 0-0: Ball
1-0: Called Strike
1-1: Hit by Pitch
Batting: RHB Danny Molina 0-0: Called Strike
0-1: Ball
1-1: Fielders Choice at 2nd, 5-4 (Groundball, 56, EV 87.5 MPH)
Bottom of the 4th over - 0 runs, 0 hits, 0 errors, 1 left on base; State College 0 - Mahoning Valley 0
TOP OF THE 5TH
State College Spikes batting - Pitching for Mahoning Valley Scrappers : RHP Kevin Peterson
Batting: LHB Matt Crow 0-0: Swinging Strike
0-1: Ball
1-1: Ball
2-1: Ground out 4-3 (Groundball, 4MD, EV 95.6 MPH)
Batting: RHB Danny Banning 0-0: Ball
1-0: Fly out, F6 (Popup, 6, EV 83.1 MPH)
Batting: RHB Arturo Suarez 0-0: Foul Ball, location: 2F
0-1: Called Strike
0-2: Ball
1-2: Fly out, F7 (Flyball, 7LMF, EV 108.1 MPH)
Top of the 5th over - 0 runs, 0 hits, 0 errors, 0 left on base; State College 0 - Mahoning Valley 0
BOTTOM OF THE 5TH
Mahoning Valley Scrappers batting - Pitching for State College Spikes : RHP Roberto Garza
Batting: RHB Danny Wheelock 0-0: Swinging Strike
0-1: Foul Ball, location: 9LMF
0-2: Ball
1-2: Fly out, F8 (Flyball, 8RS, EV 87.5 MPH)
Batting: RHB Eddie Longoria 0-0: Ball
1-0: Swinging Strike
1-1: Ball
2-1: Swinging Strike
2-2: Ground out 1-3 (Groundball, 15S, EV 63.1 MPH)
Batting: RHB Justin Honaker 0-0: Called Strike
0-1: Ball
1-1: Ball
2-1: Foul Ball, location: 23FF
2-2: Ball
3-2: Base on Balls
Batting: RHB George Leggett 0-0: Called Strike
0-1: Ball
1-1: Ball
2-1: Foul Ball, location: 9LMFF
2-2: Foul Ball, location: 7LSF
2-2: Ball
3-2: Base on Balls
Justin Honaker to second
Batting: LHB Juan Villegas 0-0: Ball
1-0: Fielders Choice at 2nd, 6-4 (Groundball, 56, EV 85.6 MPH)
Bottom of the 5th over - 0 runs, 0 hits, 0 errors, 2 left on base; State College 0 - Mahoning Valley 0
TOP OF THE 6TH
State College Spikes batting - Pitching for Mahoning Valley Scrappers : RHP Kevin Peterson
Batting: LHB Mike Stone 0-0: SINGLE (Line Drive, 78S, EV 87.5 MPH)
Batting: RHB Dave Petri 0-0: SINGLE (Groundball, 34D, EV 103.1 MPH)
Mike Stone to second
Runner from 2nd tries for 3rd, SAFE, throw by RF made to third
Batting: RHB Onye Gayagoy 0-0: Called Strike
0-1: Swinging Strike
0-2: Strikes out swinging
Batting: RHB Pat Gonzales 0-0: Ball
1-0: Called Strike
1-1: Ball
Pickoff Throw to First - Error! E1
Mike Stone scores
Dave Petri to second
2-1: Foul Ball, location: 3F
2-2: Ball
3-2: Strikes out swinging
Batting: RHB Han-seung Chung 0-0: Intentional Walk
Pitching: RHP Tony Perez
Batting: RHB Ed McManus 0-0: Foul Ball, location: 9LDF
0-1: SINGLE (Line Drive, 89S, EV 98.1 MPH)
Dave Petri to third
Han-seung Chung to second
Runner from 3rd tries for Home, SAFE, throw by RF to home
Pitching: LHP Joe Furry
Batting: LHB Matt Crow 0-0: Called Strike
0-1: Swinging Strike
0-2: Strikes out swinging
Top of the 6th over - 2 runs, 3 hits, 1 error, 2 left on base; State College 2 - Mahoning Valley 0
BOTTOM OF THE 6TH
Mahoning Valley Scrappers batting - Pitching for State College Spikes : RHP Roberto Garza
Batting: LHB Mark Grahn 0-0: SINGLE (Line Drive, 78S, EV 105.0 MPH)
Batting: LHB Jason Nitzel 0-0: Ball
1-0: Called Strike
1-1: Fly out, F7 (Flyball, 7D, EV 93.8 MPH)
Batting: RHB Adam Van Leuven 0-0: Ball
1-0: Ball
2-0: Ball
3-0: Called Strike
3-1: Reached on error, E6 (Groundball, 56, EV 96.3 MPH)
Mark Grahn to second
Pitching: RHP Sergio Villalpando
Pinch Hitting: LHB David Fernandez 0-0: Foul Ball, location: 2F
0-1: Foul Ball, location: 9LSF
0-2: Foul Ball, location: 7LDF
0-2: Foul Ball, location: 2F
0-2: SINGLE (Line Drive, 8RS, EV 100.6 MPH)
Mark Grahn to third
Adam Van Leuven to second
Runner from 3rd tries for Home, SAFE, throw by CF to trailing runner, SAFE at third!
Pinch Hitting: LHB Danny Wright 0-0: Foul Ball, location: 7LSF
0-1: Ball
1-1: Called Strike
David Fernandez steals 2nd base (no throw)
1-2: Ball
2-2: SINGLE (Line Drive, 7S, EV 104.4 MPH)
Adam Van Leuven scores
David Fernandez to third
Runner from 3rd tries for Home, SAFE, throw by LF to home
Batting: RHB Eddie Longoria 0-0: Called Strike
Danny Wright steals 2nd base
0-1: Ball
1-1: Intentional Walk
Batting: RHB Justin Honaker 0-0: Ball
1-0: Ball
2-0: Called Strike
2-1: Foul Ball, location: 9LMF
2-2: Ball
3-2: Strikes out swinging
Batting: RHB George Leggett 0-0: Ball
1-0: Called Strike
1-1: Ball
2-1: Ground out 4-3 (Groundball, 4, EV 82.5 MPH)
Bottom of the 6th over - 3 runs, 3 hits, 1 error, 2 left on base; State College 2 - Mahoning Valley 3
TOP OF THE 7TH
State College Spikes batting - Pitching for Mahoning Valley Scrappers : LHP Joe Furry
Now at 1B: Ed Donohue
Now at 2B: Scott Durfee
Batting: RHB Danny Banning 0-0: Swinging Strike
0-1: Foul Ball, location: 2F
0-2: Ball
1-2: Ball
2-2: Ball
3-2: Ground out 4-3 (Groundball, 4, EV 100.6 MPH)
Batting: RHB Arturo Suarez 0-0: Called Strike
0-1: Swinging Strike
0-2: Ball
1-2: Foul Ball, location: 2F
1-2: Strikes out looking
Pinch Hitting: RHB Jesus Morentin 0-0: Ball
1-0: Ground out 6-3 (Groundball, 6, EV 103.8 MPH)
Top of the 7th over - 0 runs, 0 hits, 0 errors, 0 left on base; State College 2 - Mahoning Valley 3
BOTTOM OF THE 7TH
Mahoning Valley Scrappers batting - Pitching for State College Spikes : RHP Sergio Villalpando
Now in LF: Ian Britt
Batting: LHB Juan Villegas 0-0: SINGLE (Line Drive, 6MD, EV 97.5 MPH)
Batting: LHB Mark Grahn 0-0: Foul Ball, location: 2F
0-1: DOUBLE (Line Drive, 7LM, EV 100.6 MPH)
Juan Villegas to third
Batting: LHB Jason Nitzel 0-0: Intentional Walk
Batting: RHB Adam Van Leuven 0-0: TRIPLE (Flyball, 89XD, EV 103.8 MPH)
Juan Villegas scores
Mark Grahn scores
Jason Nitzel scores
Pitching: RHP Jonathan Chavez
Batting: SHB Scott Durfee 0-0: Foul Ball, location: 2F
0-1: Swinging Strike
0-2: Ball
1-2: Ball
2-2: Ball
3-2: Base on Balls
Batting: RHB Ed Donohue 0-0: Called Strike
0-1: Ball
1-1: Ball
2-1: Swinging Strike
2-2: Ball
3-2: Foul Ball, location: 5FF
3-2: Grounds into double play, 5-4-3 (Groundball, 5, EV 104.4 MPH)
Adam Van Leuven scores
Batting: RHB Eddie Longoria 0-0: Swinging Strike
0-1: Called Strike
0-2: Ball
1-2: Foul Ball, location: 25F
1-2: Ball
2-2: Ground out 4-3 (Groundball, 4, EV 104.4 MPH)
Bottom of the 7th over - 4 runs, 3 hits, 0 errors, 0 left on base; State College 2 - Mahoning Valley 7
TOP OF THE 8TH
State College Spikes batting - Pitching for Mahoning Valley Scrappers : LHP Joe Furry
Batting: RHB Dave Petri 0-0: Ball
1-0: Foul Ball, location: 2F
1-1: Fly out, F8 (Flyball, 8RXD, EV 90.6 MPH)
Batting: RHB Onye Gayagoy 0-0: Called Strike
0-1: Ball
1-1: Swinging Strike
1-2: Ball
2-2: Strikes out swinging
Batting: RHB Pat Gonzales 0-0: Foul Ball, location: 2F
0-1: Ball
1-1: Called Strike
1-2: Foul Ball, location: 2F
1-2: Strikes out swinging
Top of the 8th over - 0 runs, 0 hits, 0 errors, 0 left on base; State College 2 - Mahoning Valley 7
BOTTOM OF THE 8TH
Mahoning Valley Scrappers batting - Pitching for State College Spikes : RHP Jonathan Chavez
Batting: RHB Justin Honaker 0-0: Ball
1-0: Swinging Strike
1-1: Ball
2-1: Foul Ball, location: 2F
2-2: Strikes out swinging
Batting: RHB George Leggett 0-0: Ball
1-0: Ball
2-0: Swinging Strike
2-1: Ball
3-1: Swinging Strike
3-2: Fly out, F4 (Flyball, 4D, EV 90.6 MPH)
Pitching: RHP Angelo Navarrete
Batting: LHB Juan Villegas 0-0: Ball
1-0: Called Strike
1-1: Foul Ball, location: 23F
1-2: Ball
2-2: Foul Ball, location: 25F
2-2: Ball
3-2: Foul Ball, location: 7LDF
3-2: Base on Balls
Batting: LHB Mark Grahn 0-0: Ball
1-0: DOUBLE (Flyball, 8LXD, EV 93.1 MPH)
Juan Villegas to third
Runner from 3rd tries for Home, SAFE, no throw by CF
Batting: LHB Jason Nitzel 0-0: Fly out, F6 (Line Drive, 6, EV 88.1 MPH)
Bottom of the 8th over - 1 run, 1 hit, 0 errors, 1 left on base; State College 2 - Mahoning Valley 8
TOP OF THE 9TH
State College Spikes batting - Pitching for Mahoning Valley Scrappers : LHP Joe Furry
Batting: RHB Han-seung Chung 0-0: Swinging Strike
0-1: Called Strike
0-2: Foul Ball, location: 5F
0-2: Foul Ball, location: 9LSF
0-2: Foul Ball, location: 9LSF
0-2: Ball
1-2: Strikes out swinging
Batting: RHB Ed McManus 0-0: Foul Ball, location: 9LDF
0-1: Ball
1-1: Ball
2-1: SINGLE (Line Drive, 9LS, EV 95.0 MPH)
Batting: RHB Edwin Ortega 0-0: Foul Ball, location: 3SF
0-1: Ball
1-1: Ball
2-1: Foul Ball, location: 9LDF
2-2: Fly out, F7 (Flyball, 7D, EV 103.1 MPH)
Batting: RHB Danny Banning 0-0: Ball
1-0: Ball
2-0: Called Strike
2-1: Swinging Strike
2-2: Fielders Choice at 2nd, 6-4 (Groundball, 6, EV 90.6 MPH)
Top of the 9th over - 0 runs, 1 hit, 0 errors, 1 left on base; State College 2 - Mahoning Valley 8
Tuesday, May 14th , 2024 - OOTP Baseball 24.11 Build 85